 Dungeon Crawl Stone Soup version 0.28-a0-1560-g060a6a1bfc (webtiles) character file.

Game seed: 16494292827859186405

216 BritishOli the Ducker (level 5, 0/41 HPs)
             Began as a Demonspawn Gladiator on Jan 19, 2022.
             Killed from afar by an orc wizard (9 damage)
             ... with a magic dart
             ... on level 4 of the Dungeon.
             The game lasted 00:05:12 (3644 turns).

BritishOli the Ducker (Demonspawn Gladiator)        Turns: 3644, Time: 00:05:13

Health: 0/41       AC:  9    Str: 17    XL:     5   Next: 61%
Magic:  5/5        EV: 18    Int:  9    God:
Gold:   100        SH:  0    Dex: 14    Spells: 4/4 levels left

rFire   . . .      SeeInvis .   a - +0 long sword
rCold   . . .      Faith    .   (no shield)
rNeg    . . .      Spirit   .   b - +0 leather armour
rPois   .          Reflect  .   c - +0 helmet
rElec   .          Harm     .   (no cloak)
rCorr   .          Rampage  .   (no gloves)
Will    .....                   (no boots)
Stlth   +.........              (no amulet)
HPRegen 0.13/turn               k - +4 ring of protection
MPRegen 0.09/turn               (no ring)

@: agile
A: powered by pain 1, sharp scales 1, demonic touch 1
a: no special abilities


You were on level 4 of the Dungeon.
You visited 1 branch of the dungeon, and saw 4 of its levels.

You collected 100 gold pieces.

Inventory:

Hand Weapons
 a - a +0 long sword (weapon)
Missiles
 d - 3 throwing nets (quivered)
 j - 3 boomerangs of dispersal
Armour
 b - a +0 leather armour (worn)
 c - a +0 helmet (worn)
 h - a +3 leather armour
Jewellery
 k - a +4 ring of protection (left hand)
Scrolls
 e - a scroll of immolation {unknown}
 g - 2 scrolls of teleportation {unknown}
 i - 2 scrolls of identify {unknown}
 m - a scroll of vulnerability {unknown}
 o - 2 scrolls of noise {unknown}
 p - a scroll of blinking {unknown}
 q - a scroll of torment {unknown}
Potions
 f - a potion of curing {unknown}
 l - 2 potions of lignification {unknown}
 n - 2 potions of might {unknown}
 r - a potion of heal wounds {unknown}
 s - a potion of mutation {unknown}


   Skills:
 + Level 3.3 Fighting
 + Level 3.6 Long Blades
 + Level 3.1 Throwing
 + Level 3.6 Dodging


You had 4 spell levels left.
You didn't know any spells.
Your spell library contained the following spells:

 Spells                   Type           Power      Damage    Failure   Level
 Sting                    Tmut/Pois      0%         1d3       45%         1
 Poisonous Vapours        Pois/Air       0%         N/A       58%         2
 Airstrike                Air            0%         N/A       99%         4
 Olgreb's Toxic Radiance  Pois           0%         N/A       99%         4
 Summon Lightning Spire   Summ/Air       0%         N/A       99%         4
 Lightning Bolt           Conj/Air       0%         1d11      100%        5


Dungeon Overview and Level Annotations

Branches:
Dungeon (4/15)
 Temple: D:4-7

Altars:
Kikubaaqudgha
Yredelemnul


Innate Abilities, Weirdness & Mutations

You sometimes gain a little power by taking damage.
You are partially covered in razor-sharp scales. (AC +1, Slay +1)
Your touch may inflict minor irresistible damage on your foes.


Message History

You closely miss the orc wizard. Your touch misses the orc wizard.
The orc wizard is lightly wounded.
The orc wizard casts a spell at you. The magic dart hits you.
The orc wizard points at you and mumbles some strange words.
You are confused.
The orc closely misses you. The endoplasm misses you.
The orc wizard points at you and mumbles some strange words.
The magic dart hits you. The orc hits you but does no damage.
You hit the endoplasm.
The endoplasm is moderately wounded.
The endoplasm completely misses you.
The orc wizard gestures wildly while chanting.
The orc wizard flickers and vanishes!
Deactivating autopickup; reactivate with Ctrl-A.
The orc closely misses you.
The kobold throws a stone.
The stone closely misses you. The endoplasm freezes you.
You are frozen.
* * * LOW HITPOINT WARNING * * *
You hear some strange, mumbled words.
A magic dart appears from out of thin air!
The magic dart hits you!
* * * LOW HITPOINT WARNING * * *
You focus on the pain.
You feel agile all of a sudden.
You feel less confused.
An orc opens the door.
There is an open door here.
Really walk into that teleport trap?
Okay, then.
You slash the endoplasm!
You kill the endoplasm!
Really walk into that teleport trap?
You enter a teleport trap!
The teleport trap disappears.
Your surroundings suddenly seem different.
There is a stone staircase leading up here.
The orc wizard casts a spell at you. The magic dart hits you!
You die...

#.##.# #.....)...
#.##.#####.#######. ##
#.##.....#.# #. ##..
#.######.#.# #####.
#....+........#'###.....
#....#....####....#.####
#.....#.####....#.#
#.##..#.##......#.#
#....@#.##..#'###.#
####.##.##..#.###.#
#..... ......##..#.#...#
+.#.. ###........#.#.###
#.#..
#.##..o..###.##.#.#
.....
......o.........>.#
....#
.##.####....#.######
....# .
#.####'####......#
....######w
#.##......######.#


You could see an orc wizard and an orc.

Vanquished Creatures
  A scorpion (D:4)
  An iguana (D:4)
  Robin (D:2)
  4 adders
  A worm (D:3)
  2 dart slugs
  3 orcs (D:4)
  5 endoplasms
  5 giant cockroaches
  11 goblins
  8 hobgoblins
  3 jackals (D:1)
  4 kobolds
  5 quokkas
  2 ball pythons
  8 bats
  3 frilled lizards
  4 rats
71 creatures vanquished.

Vanquished Creatures (others)
  A withered plant (D:3)
1 creature vanquished.

Grand Total: 72 creatures vanquished

Notes
Turn   | Place    | Note
-------+----------+-------------------------------------------
     0 | D:1      | BritishOli the Demonspawn Gladiator began the quest for the
                  | Orb.
     0 | D:1      | Reached XP level 1. HP: 16/16 MP: 1/1
   385 | D:1      | Gained mutation: Your touch may inflict minor irresistible
                  | damage on your foes. [demonic ancestry]
   385 | D:1      | Reached XP level 2. HP: 18/22 MP: 2/2
  1159 | D:2      | Noticed Robin
  1163 | D:2      | Gained mutation: You are partially covered in razor-sharp
                  | scales. (AC +1, Slay +1) [demonic ancestry]
  1163 | D:2      | Reached XP level 3. HP: 25/28 MP: 3/3
  1547 | D:2      | Killed Robin
  2327 | D:3      | Reached XP level 4. HP: 33/34 MP: 4/4
  2503 | D:3      | Found an ancient bone altar of Kikubaaqudgha.
  2830 | D:3      | Found a basalt altar of Yredelemnul.
  3198 | D:4      | Gained mutation: You sometimes gain a little power by
                  | taking damage. [demonic ancestry]
  3198 | D:4      | Reached XP level 5. HP: 5/41 MP: 5/5
  3200 | D:4      | HP: 2/41 [poisoned by an adder]
  3644 | D:4      | Killed from afar by an orc wizard

Illustrated notes

Levels and vault maps discovered:
D:1:      minmay_arrival_four_loops, layout_basic,
          corexii_item_surrounded_by_moat
D:2:      layout_loops_ring, uniq_robin
D:3:      layout_loops_ring, mainiacjoe_overflow_catwalk,
          kiku_gazebo_garden_becter, roderic_roman_lattice
D:4:      layout_basic, kennysheep_generic_room_7

Skill      XL: |  1  2  3  4  5 |
---------------+----------------+-----
Throwing       | 2 3 |  3.1
Long Blades    | 3 |  3.6
Dodging        | 3 |  3.6
Fighting       | 3 |  3.3

Action                   |  1- 3 |  4- 6 || total
-------------------------+-------+-------++-------
Melee: Long sword        |   105 |    81 ||   186
       Punch             |     2 |     1 ||     3
       Touch             |    13 |    12 ||    25
 Stab: Sleeping          |     1 |     1 ||     2
Armor: Leather armour    |    48 |    32 ||    80
Dodge: Dodged            |   101 |    72 ||   173

Table legend: (Time is in decaauts)
 A = Elapsed time spent in this place.
 B = Non-inter-level travel time spent in this place.
 C = Inter-level travel time spent in this place.
 D = Time resting spent in this place.
 E = Time spent auto-exploring this place.
 F = Levels seen in this place.
 G = Mean time per level.
                   A        B        C        D        E       F      G
               +--------+--------+--------+--------+--------+-----+--------+
         Total |   3691 |   3596 |     95 |    896 |   2200 |   4 |  922.8 |
       Dungeon |   3691 |   3596 |     95 |    896 |   2200 |   4 |  922.8 |
               +--------+--------+--------+--------+--------+-----+--------+

Top non-repeatable levels by time:
     D:1: 1554 daAuts
     D:3: 741 daAuts
     D:2: 725 daAuts
     D:4: 670 daAuts
